WCHLSIM.com - West Coast Hockey League
html PUBLIC "-//W3C//DTD XHTML 1.0 Transitional//EN" "http://www.w3.org/TR/xhtml1/DTD/xhtml1-transitional.dtd"> WCHL - Game 225 - NORTH DAKOTA HAWKS vs LONG BEACH BARACUDAS

NORTH DAKOTA HAWKS vs LONG BEACH BARACUDAS

Created - 7 novembre 2019 at 17:58

Goals
1 2 3 T
NORTH DAKOTA HAWKS 2 0 0 2
LONG BEACH BARACUDAS 1 4 0 5
Shots
1 2 3 T
NORTH DAKOTA HAWKS 8 4 8 20
LONG BEACH BARACUDAS 13 17 13 43

1st period

1. NORTH DAKOTA HAWKS , Zack Kassian 2 (Michael Raffl 1, Derek Grant 3) at 1:41
2. NORTH DAKOTA HAWKS , Lukas Radil 2 (Brandon Sutter 2, Marc Staal 4) at 1:53
3. LONG BEACH BARACUDAS , Sidney Crosby 6 (Sam Reinhart 12, Taylor Hall 10) at 19:42

Penalties :
Nic Dowd (NDH) for Holding (Minor) at 12:14

2nd period

4. LONG BEACH BARACUDAS , Kyle Connor 3 (Steven Stamkos 14, Elias Lindholm 9) at 3:02 (PP)
5. LONG BEACH BARACUDAS , Sidney Crosby 7 (Zachary Werenski 3, Taylor Hall 11) at 10:45 (PP)
6. LONG BEACH BARACUDAS , Taylor Hall 10 (Sidney Crosby 10) at 12:53
7. LONG BEACH BARACUDAS , Sam Reinhart 6 (Sidney Crosby 11) at 19:45

Penalties :
Michael Raffl (NDH) for Interference (Minor) at 1:19, Marc Staal (NDH) for Hooking (Minor) at 8:49, Johnny Boychuk (NDH) for Hooking (Minor) at 13:51, Derick Brassard (LOB) for Hooking (Minor) at 16:24

3rd period

No Goal

Penalties :
Josh Brown (NDH) for High sticking (Minor) at 3:10, Luke Kunin (LOB) for High sticking (Minor) at 5:19, Brenden Dillon (NDH) for Hooking (Minor) at 8:09

Goalie Stats

Michael Dipietro (NDH), 38 saves from 43 shots - (0,884), L, 0-1-0, 60:00 minutes
Darcy Kuemper (LOB), 18 saves from 20 shots - (0,900), W, 11-2-1, 60:00 minutes

Players Stats for NORTH DAKOTA HAWKS

Player Name              G  A  P  +/- PIM S  H  SB GA TA FO     MP     PP MP  PK MP  
------------------------------------------------------------------------------------
Alexandre Fortin         0  0  0   0  0   0  1  0  0  0  0/0    10:10   0:00   0:26 
Brandon Sutter           0  1  1   0  0   1  0  0  0  0  10/22  15:41   0:00   5:57 
Brendan Gallagher        0  0  0   0  0   4  0  0  0  0  0/1    15:34   2:48   0:00 
Brenden Dillon           0  0  0  -1  2   0  5  2  0  0  0/0    20:48   1:27   3:59 
Corey Perry              0  0  0   0  0   3  0  0  0  0  1/1    12:58   1:10   0:00 
Derek Grant              0  1  1  -1  0   1  0  0  0  0  8/16   15:33   0:00   5:24 
Dougie Hamilton          0  0  0  -1  0   2  1  2  0  0  0/0    22:38   1:59   6:33 
Johnny Boychuk           0  0  0  -1  2   1  2  2  0  0  0/0    19:32   0:32   4:34 
Josh Brown               0  0  0   1  2   0  4  0  0  0  0/0    16:17   0:00   1:20 
Kenny Agostino           0  0  0   0  0   0  1  0  0  0  0/0    13:12   1:10   0:14 
Logan Brown              0  0  0   0  0   0  2  0  0  0  3/12   12:58   1:10   0:00 
Lukas Radil              1  0  1   0  0   2  1  0  0  0  0/0    14:32   0:00   4:48 
Marc Staal               0  1  1  -1  2   1  0  1  0  0  0/0    20:30   0:00   5:19 
Matthew Nieto            0  0  0   0  0   1  0  1  0  0  0/1    15:34   2:48   0:00 
Michael Raffl            0  1  1  -1  2   1  0  0  0  0  2/4    15:13   0:32   4:33 
Nic Dowd                 0  0  0   0  2   1  3  0  0  0  11/20  16:49   2:16   1:48 
Quinton Hughes           0  0  0   1  0   0  0  0  0  0  0/0    17:40   1:27   1:25 
Zack Kassian             1  0  1  -1  0   2  0  0  0  0  0/0    12:40   2:31   0:00 

Players Stats for LONG BEACH BARACUDAS

Player Name              G  A  P  +/- PIM S  H  SB GA TA FO     MP     PP MP  PK MP  
------------------------------------------------------------------------------------
Alex Pietrangelo         0  0  0   0  0   1  2  0  0  0  0/0    17:36   0:00   1:39 
Ben Hutton               0  0  0   1  0   1  2  0  0  0  0/0    23:09   4:58   2:19 
Brad Richardson          0  0  0  -1  0   1  1  0  0  0  2/2    11:25   0:00   1:16 
Brandon Montour          0  0  0   0  0   1  0  2  0  0  0/0    17:53   0:00   2:19 
Daniel Carr              0  0  0   0  0   0  0  0  0  0  0/1     6:58   0:00   0:00 
Derick Brassard          0  0  0   0  2   0  0  0  0  0  4/9     8:38   0:00   1:41 
Elias Lindholm           0  1  1  -1  0   4  0  0  0  0  0/0    20:59   5:57   3:12 
Jordan Oesterle          0  0  0   1  0   0  1  0  0  0  0/0    19:33   4:58   1:39 
Justin Schultz           0  0  0   0  0   1  0  0  0  0  0/0    12:38   0:00   0:00 
Kyle Connor              1  0  1  -1  0   4  0  0  0  0  1/2    17:47   5:57   0:00 
Kyle Palmieri            0  0  0  -1  0   4  2  0  0  0  0/2    16:33   5:38   0:46 
Luke Kunin               0  0  0   0  2   0  0  0  0  0  0/0     6:57   0:00   0:00 
Nolan Patrick            0  0  0  -1  0   4  2  0  0  0  6/10   10:09   0:00   0:00 
Sam Reinhart             1  1  2   3  0   6  1  0  0  0  0/2    22:07   6:37   0:00 
Sidney Crosby            2  2  4   3  0   7  2  1  0  0  18/28  22:09   5:38   1:01 
Steven Stamkos           0  1  1  -1  0   3  1  0  0  0  11/19  17:47   5:57   0:00 
Taylor Hall              1  2  3   3  0   6  0  1  0  0  0/2    21:08   5:38   0:00 
Zachary Werenski         0  1  1   0  0   0  0  0  0  0  0/0    22:34   6:37   0:00 

3 Stars

1 - Sidney Crosby (LOB)
2 - Taylor Hall (LOB)
3 - Sam Reinhart (LOB)

Power Play

NORTH DAKOTA HAWKS - 0 on 2 Attempt(s) - 0,00%
LONG BEACH BARACUDAS - 2 on 6 Attempt(s) - 33,33%

Penalty Kill

NORTH DAKOTA HAWKS - 4 on 6 Attempt(s) - 66,67% - Score 0 goal in Penalty Kill
LONG BEACH BARACUDAS - 2 on 2 Attempt(s) - 100,00% - Score 0 goal in Penalty Kill

Team Stat

NORTH DAKOTA HAWKS - Hits : 20 - Faceoff Wins : 35 - Blocked Shots : 8 - Penalty Minutes : 12
LONG BEACH BARACUDAS - Hits : 14 - Faceoff Wins : 42 - Blocked Shots : 4 - Penalty Minutes : 4

Official

Referees : Mike Langin and Eric Furlatt
Linesman : Paul Carnathan and Brian MacDonald

Game Notes

No Game Note

Finance

Level 1 -- Attendance: 4249 (67,44%) -- Ticket Income 786 065 $
Level 2 -- Attendance: 3225 (59,45%) -- Ticket Income 403 125 $
Level 3 -- Attendance: 1822 (59,74%) -- Ticket Income 133 006 $
Level 4 -- Attendance: 5584 (92,45%) -- Ticket Income 167 520 $
Luxury Box -- Attendance: 672 (51,30%) -- Ticket Income 268 800 $
Game was played at the MONSTER ENERGY CENTER.
Total Attendance: 15552 (70,29%)
Total Ticket Income: 1 758 516 $
Other Income: 527 555 $
Total Income: 2 286 071 $

NORTH DAKOTA HAWKS

5 vs 5 Forward 
   Center                   Left Wing                Right Wing               Time % Phy DF OF 
 1 Nic Dowd                 Matthew Nieto            Brendan Gallagher        30     1   2  2  
 2 Logan Brown              Kenny Agostino           Corey Perry              27     1   2  2  
 3 Derek Grant              Michael Raffl            Zack Kassian             22     1   2  2  
 4 Brandon Sutter           Alexandre Fortin         Lukas Radil              21     0   4  1  

5 vs 5 Defense 
   Defense                  Defense                                           Time % Phy DF OF 
 1 Marc Staal               Dougie Hamilton                                   36     1   2  2  
 2 Brenden Dillon           Johnny Boychuk                                    33     1   2  2  
 3 Quinton Hughes           Josh Brown                                        20     1   2  2  
 4 Quinton Hughes           Josh Brown                                        11     1   2  2  

PowerPlay Forward 
   Center                   Left Wing                Right Wing               Time % Phy DF OF 
 1 Nic Dowd                 Matthew Nieto            Brendan Gallagher        65     1   2  2  
 2 Logan Brown              Kenny Agostino           Corey Perry              35     1   2  2  

PowerPlay Defense
   Defense                  Defense                                           Time % Phy DF OF 
 1 Dougie Hamilton          Zack Kassian                                      65     1   2  2  
 2 Brenden Dillon           Quinton Hughes                                    35     1   2  2  

Penalty Kill 4 Players Forward 
   Center                   Wing                     Time % Phy DF OF 
 1 Brandon Sutter           Michael Raffl            55     1   2  2  
 2 Derek Grant              Lukas Radil              45     1   2  2  

Penalty Kill 4 Players Defense
   Defense                  Defense                  Time % Phy DF OF 
 1 Marc Staal               Dougie Hamilton          55     1   2  2  
 2 Brenden Dillon           Johnny Boychuk           45     1   2  2  

Penalty Kill - 3 Players Forward 
   Forward                                           Time % Phy DF OF 
 1 Brandon Sutter                                    55     1   2  2  
 2 Derek Grant                                       45     1   2  2  

Penalty Kill - 3 Players Defense
   Defense                  Defense                  Time % Phy DF OF 
 1 Marc Staal               Dougie Hamilton          55     1   2  2  
 2 Brenden Dillon           Johnny Boychuk           45     1   2  2  

4 vs 4 Forward 
   Center                   Wing                     Time % Phy DF OF 
 1 Nic Dowd                 Brendan Gallagher        55     1   2  2  
 2 Logan Brown              Corey Perry              45     1   2  2  

4 vs 4 Defense
   Defense                  Defense                  Time % Phy DF OF 
 1 Marc Staal               Dougie Hamilton          55     1   2  2  
 2 Brenden Dillon           Johnny Boychuk           45     1   2  2  

Last Minutes Offensive
   Center                   Left Wing                Right Wing               Defense                  Defense                  
   Nic Dowd                 Kenny Agostino           Brendan Gallagher        Quinton Hughes           Dougie Hamilton          

Last Minutes Defensive
   Center                   Left Wing                Right Wing               Defense                  Defense                  
   Brandon Sutter           Matthew Nieto            Brendan Gallagher        Marc Staal               Dougie Hamilton          

Goaltenders
Starting : Michael Dipietro         
Backup : Eric Comrie              

Extra Forwards
Normal : Michael Raffl, Matthew Nieto, Lukas Radil - PP : Michael Raffl, Lukas Radil - PK : Nic Dowd
Extra Defensemen
Normal : Johnny Boychuk, Josh Brown, Quinton Hughes - PP : Johnny Boychuk - PK : Josh Brown, Quinton Hughes
Penalty Shots
Brendan Gallagher, Matthew Nieto, Corey Perry, Michael Raffl, Nic Dowd
Custom OT Lines Forwards
Brendan Gallagher, Matthew Nieto, Nic Dowd, Michael Raffl, Derek Grant, Zack Kassian, Corey Perry, Kenny Agostino, Logan Brown, Brandon Sutter
Custom OT Lines Defensemen
Dougie Hamilton, Quinton Hughes, Brenden Dillon, Johnny Boychuk, Marc Staal

Scratches
Dominik Masin (Healthy), Jack Dougherty (Healthy), Brendan Leipsic (Sore Right Knee Injury), Marc Methot (Healthy), Jalen Smereck (Healthy)
Jordan Murray (Healthy), Martin Marincin (Healthy), Phillip DiGiuseppe (Healthy), Phil Varone (Healthy), Tim Clifton (Healthy)
Ryan Carpenter (Bruised Right Shoulder Injury), Scott Darling (Right Knee Injury), Scott Wedgewood (Healthy)

LONG BEACH BARACUDAS

5 vs 5 Forward 
   Center                   Left Wing                Right Wing               Time % Phy DF OF 
 1 Sidney Crosby            Taylor Hall              Sam Reinhart             37     0   1  4  
 2 Steven Stamkos           Kyle Connor              Elias Lindholm           30     0   2  3  
 3 Nolan Patrick            Brad Richardson          Kyle Palmieri            25     0   2  3  
 4 Derick Brassard          Daniel Carr              Luke Kunin               8      0   3  2  

5 vs 5 Defense 
   Defense                  Defense                                           Time % Phy DF OF 
 1 Alex Pietrangelo         Zachary Werenski                                  36     1   2  2  
 2 Jordan Oesterle          Ben Hutton                                        31     1   2  2  
 3 Brandon Montour          Justin Schultz                                    23     1   2  2  
 4 Brandon Montour          Ben Hutton                                        10     1   2  2  

PowerPlay Forward 
   Center                   Left Wing                Right Wing               Time % Phy DF OF 
 1 Sidney Crosby            Taylor Hall              Kyle Palmieri            55     0   2  3  
 2 Steven Stamkos           Kyle Connor              Elias Lindholm           45     0   2  3  

PowerPlay Defense
   Defense                  Defense                                           Time % Phy DF OF 
 1 Sam Reinhart             Zachary Werenski                                  55     0   2  3  
 2 Jordan Oesterle          Ben Hutton                                        45     0   2  3  

Penalty Kill 4 Players Forward 
   Center                   Wing                     Time % Phy DF OF 
 1 Derick Brassard          Elias Lindholm           55     0   4  1  
 2 Brad Richardson          Kyle Palmieri            45     0   4  1  

Penalty Kill 4 Players Defense
   Defense                  Defense                  Time % Phy DF OF 
 1 Alex Pietrangelo         Jordan Oesterle          55     0   4  1  
 2 Brandon Montour          Ben Hutton               45     0   4  1  

Penalty Kill - 3 Players Forward 
   Forward                                           Time % Phy DF OF 
 1 Daniel Carr                                       55     0   4  1  
 2 Derick Brassard                                   45     0   4  1  

Penalty Kill - 3 Players Defense
   Defense                  Defense                  Time % Phy DF OF 
 1 Ben Hutton               Brandon Montour          55     0   3  1  
 2 Justin Schultz           Jordan Oesterle          45     0   3  1  

4 vs 4 Forward 
   Center                   Wing                     Time % Phy DF OF 
 1 Nolan Patrick            Kyle Palmieri            55     0   2  3  
 2 Derick Brassard          Taylor Hall              45     0   2  3  

4 vs 4 Defense
   Defense                  Defense                  Time % Phy DF OF 
 1 Alex Pietrangelo         Brandon Montour          55     0   2  3  
 2 Jordan Oesterle          Justin Schultz           45     0   2  3  

Last Minutes Offensive
   Center                   Left Wing                Right Wing               Defense                  Defense                  
   Sidney Crosby            Kyle Connor              Elias Lindholm           Alex Pietrangelo         Zachary Werenski         

Last Minutes Defensive
   Center                   Left Wing                Right Wing               Defense                  Defense                  
   Sam Reinhart             Brad Richardson          Elias Lindholm           Alex Pietrangelo         Zachary Werenski         

Goaltenders
Starting : Darcy Kuemper            
Backup : Brian Elliott            

Extra Forwards
Normal : Nolan Patrick, Kyle Palmieri, Brad Richardson - PP : Nolan Patrick, Kyle Palmieri - PK : Brad Richardson
Extra Defensemen
Normal : Jordan Oesterle, Justin Schultz, Brandon Montour - PP : Jordan Oesterle - PK : Justin Schultz, Brandon Montour
Penalty Shots
Sidney Crosby, Steven Stamkos, Elias Lindholm, Taylor Hall, Sam Reinhart
Custom OT Lines Forwards
Sidney Crosby, Steven Stamkos, Elias Lindholm, Kyle Connor, Sam Reinhart, Taylor Hall, Kyle Palmieri, Brad Richardson, Derick Brassard, Nolan Patrick
Custom OT Lines Defensemen
Alex Pietrangelo, Zachary Werenski, Brandon Montour, Ben Hutton, Jordan Oesterle

Scratches
None


% Time on Ice - NORTH DAKOTA HAWKS

Lines # - Real PCT - Wanted PCT - Time Play
Normal Forward
1 - 29% - 30% - 12:46
2 - 27% - 27% - 11:48
3 - 23% - 22% - 10:09
4 - 22% - 21% - 9:44
Normal Defense
1 - 34% - 36% - 15:12
2 - 35% - 33% - 15:23
3 - 20% - 20% - 8:51
4 - 11% - 11% - 5:01
PP Forward
1 - 71% - 65% - 2:48
2 - 29% - 35% - 1:10
PP Defense
1 - 63% - 65% - 2:31
2 - 37% - 35% - 1:27
PK Forward
1 - 53% - 55% - 6:11
2 - 47% - 45% - 5:24
PK Defense
1 - 57% - 55% - 6:33
2 - 43% - 45% - 5:02
PK3 Forward
1 - 0% - 55%
2 - 0% - 45%
PK3 Defense
1 - 0% - 55%
2 - 0% - 45%
44 Forward
1 - 0% - 55%
2 - 0% - 45%
44 Defense
1 - 0% - 55%
2 - 0% - 45%
Last Minute Offensive  - 0:00
Last Minute Defensive  - 0:00
Total
Forward - 60:00
Defense - 60:00

% Time on Ice - LONG BEACH BARACUDAS

Lines # - Real PCT - Wanted PCT - Time Play
Normal Forward
1 - 35% - 37% - 15:30
2 - 27% - 30% - 11:50
3 - 23% - 25% - 10:09
4 - 16% - 8% - 6:58
Normal Defense
1 - 36% - 36% - 15:57
2 - 29% - 31% - 12:49
3 - 28% - 23% - 12:38
4 - 7% - 10% - 3:03
PP Forward
1 - 49% - 55% - 5:38
2 - 51% - 45% - 5:57
PP Defense
1 - 57% - 55% - 6:37
2 - 43% - 45% - 4:58
PK Forward
1 - 81% - 55% - 3:12
2 - 19% - 45% - 0:46
PK Defense
1 - 42% - 55% - 1:39
2 - 58% - 45% - 2:19
PK3 Forward
1 - 0% - 55%
2 - 0% - 45%
PK3 Defense
1 - 0% - 55%
2 - 0% - 45%
44 Forward
1 - 0% - 55%
2 - 0% - 45%
44 Defense
1 - 0% - 55%
2 - 0% - 45%
Last Minute Offensive  - 0:00
Last Minute Defensive  - 0:00
Total
Forward - 60:00
Defense - 60:00

Play-by-Play

1st period


0:01 of 1st period - Nic Dowd wins face-off versus Sidney Crosby in neutral zone.
0:14 of 1st period - Shot by Brendan Gallagher.
0:14 of 1st period - Stopped by Darcy Kuemper with a rebound.
0:24 of 1st period - Shot by Brendan Gallagher.
0:24 of 1st period - Deflect By Matthew Nieto.
0:24 of 1st period - Shot Blocked by Sidney Crosby.
0:26 of 1st period - Shot by Brendan Gallagher.
0:26 of 1st period - Shot Misses the Net.
0:28 of 1st period - Shot by Marc Staal.
0:28 of 1st period - Stopped by Darcy Kuemper without a rebound.
0:29 of 1st period - Steven Stamkos wins face-off versus Logan Brown in LONG BEACH BARACUDAS zone.
1:14 of 1st period - Jordan Oesterle is hit by Kenny Agostino and loses puck.
1:41 of 1st period - Shot by Zack Kassian.
1:41 of 1st period - Goal by Zack Kassian - NORTH DAKOTA HAWKS : 1 - LONG BEACH BARACUDAS : 0.
1:42 of 1st period - Brandon Sutter wins face-off versus Nolan Patrick in neutral zone.
1:51 of 1st period - Shot by Brandon Sutter.
1:51 of 1st period - Shot Misses the Net.
1:53 of 1st period - Shot by Lukas Radil.
1:53 of 1st period - Goal by Lukas Radil - NORTH DAKOTA HAWKS : 2 - LONG BEACH BARACUDAS : 0.
1:54 of 1st period - Nic Dowd wins face-off versus Sidney Crosby in neutral zone.
2:58 of 1st period - Icing by Justin Schultz.
2:59 of 1st period - Nolan Patrick wins face-off versus Brandon Sutter in LONG BEACH BARACUDAS zone.
2:59 of 1st period - Nolan Patrick is hit by Alexandre Fortin.
6:41 of 1st period - Off-side.
6:42 of 1st period - Nolan Patrick wins face-off versus Nic Dowd in neutral zone.
6:47 of 1st period - Shot by Kyle Palmieri.
6:47 of 1st period - Shot Misses the Net.
6:55 of 1st period - Shot by Brad Richardson.
6:55 of 1st period - Stopped by Michael Dipietro without a rebound.
6:56 of 1st period - Sidney Crosby wins face-off versus Nic Dowd in NORTH DAKOTA HAWKS zone.
7:05 of 1st period - Shot by Sidney Crosby.
7:05 of 1st period - Shot Blocked by Matthew Nieto.
7:16 of 1st period - Sam Reinhart is hit by Dougie Hamilton and loses puck.
7:27 of 1st period - Shot by Sidney Crosby.
7:27 of 1st period - Shot Misses the Net.
7:58 of 1st period - Shot by Logan Brown.
7:58 of 1st period - Shot Misses the Net.
8:29 of 1st period - Off-side.
8:30 of 1st period - Michael Raffl wins face-off versus Kyle Palmieri in neutral zone.
8:30 of 1st period - Derek Grant is hit by Nolan Patrick.
9:15 of 1st period - Icing by Zachary Werenski.
9:16 of 1st period - Nolan Patrick wins face-off versus Brandon Sutter in LONG BEACH BARACUDAS zone.
9:23 of 1st period - Brandon Sutter is hit by Brad Richardson and loses puck.
9:33 of 1st period - Marc Staal is hit by Alex Pietrangelo and loses puck.
9:40 of 1st period - Shot by Lukas Radil.
9:40 of 1st period - Stopped by Darcy Kuemper without a rebound.
9:41 of 1st period - Nic Dowd wins face-off versus Steven Stamkos in LONG BEACH BARACUDAS zone.
9:55 of 1st period - Matthew Nieto is hit by Ben Hutton and loses puck.
10:29 of 1st period - Shot by Kyle Connor.
10:29 of 1st period - Stopped by Michael Dipietro without a rebound.
10:30 of 1st period - Sidney Crosby wins face-off versus Logan Brown in NORTH DAKOTA HAWKS zone.
10:47 of 1st period - Shot by Taylor Hall.
10:47 of 1st period - Stopped by Michael Dipietro without a rebound.
10:48 of 1st period - Brandon Sutter wins face-off versus Derick Brassard in NORTH DAKOTA HAWKS zone.
11:05 of 1st period - Shot by Johnny Boychuk.
11:05 of 1st period - Shot Misses the Net.
11:07 of 1st period - Shot by Brandon Sutter.
11:07 of 1st period - Shot Misses the Net.
11:09 of 1st period - Shot by Johnny Boychuk.
11:09 of 1st period - Stopped by Darcy Kuemper without a rebound.
11:10 of 1st period - Steven Stamkos wins face-off versus Logan Brown in LONG BEACH BARACUDAS zone.
12:14 of 1st period - Minor Penalty to Nic Dowd for Holding.
12:15 of 1st period - Sidney Crosby wins face-off versus Brandon Sutter in NORTH DAKOTA HAWKS zone.
12:42 of 1st period - Shot by Sam Reinhart.
12:42 of 1st period - Stopped by Michael Dipietro without a rebound.
12:43 of 1st period - Derek Grant wins face-off versus Sidney Crosby in NORTH DAKOTA HAWKS zone.
12:43 of 1st period - Derek Grant is hit by Kyle Palmieri.
12:52 of 1st period - Off-side.
12:53 of 1st period - Steven Stamkos wins face-off versus Derek Grant in neutral zone.
13:12 of 1st period - Shot by Elias Lindholm.
13:12 of 1st period - Stopped by Michael Dipietro with a rebound.
13:14 of 1st period - Shot by Elias Lindholm.
13:14 of 1st period - Shot Blocked by Brenden Dillon.
13:16 of 1st period - Shot by Steven Stamkos.
13:16 of 1st period - Shot Misses the Net.
14:14 of 1st period - Shot by Sidney Crosby.
14:14 of 1st period - Stopped by Michael Dipietro without a rebound.
14:15 of 1st period - Nic Dowd wins face-off versus Daniel Carr in NORTH DAKOTA HAWKS zone.
15:05 of 1st period - Icing by Marc Staal.
15:06 of 1st period - Sidney Crosby wins face-off versus Logan Brown in NORTH DAKOTA HAWKS zone.
15:25 of 1st period - Shot by Corey Perry.
15:25 of 1st period - Stopped by Darcy Kuemper without a rebound.
15:26 of 1st period - Derek Grant wins face-off versus Nolan Patrick in LONG BEACH BARACUDAS zone.
15:49 of 1st period - Shot by Brad Richardson.
15:49 of 1st period - Shot Misses the Net.
15:55 of 1st period - Shot by Kyle Palmieri.
15:55 of 1st period - Stopped by Michael Dipietro without a rebound.
15:56 of 1st period - Sidney Crosby wins face-off versus Brandon Sutter in NORTH DAKOTA HAWKS zone.
16:21 of 1st period - Shot by Taylor Hall.
16:21 of 1st period - Stopped by Michael Dipietro without a rebound.
16:22 of 1st period - Steven Stamkos wins face-off versus Nic Dowd in NORTH DAKOTA HAWKS zone.
16:27 of 1st period - Shot by Steven Stamkos.
16:27 of 1st period - Stopped by Michael Dipietro without a rebound.
16:28 of 1st period - Nolan Patrick wins face-off versus Nic Dowd in NORTH DAKOTA HAWKS zone.
16:49 of 1st period - Off-side.
16:50 of 1st period - Derek Grant wins face-off versus Taylor Hall in neutral zone.
16:59 of 1st period - Shot by Derek Grant.
16:59 of 1st period - Stopped by Darcy Kuemper with a rebound.
17:37 of 1st period - Shot by Sidney Crosby.
17:37 of 1st period - Stopped by Michael Dipietro without a rebound.
17:38 of 1st period - Steven Stamkos wins face-off versus Nic Dowd in NORTH DAKOTA HAWKS zone.
17:45 of 1st period - Shot by Steven Stamkos.
17:45 of 1st period - Shot Hit the Post.
17:56 of 1st period - Elias Lindholm is hit by Brenden Dillon.
18:01 of 1st period - Steven Stamkos is hit by Brenden Dillon and loses puck.
18:21 of 1st period - Steven Stamkos is hit by Brenden Dillon and loses puck.
18:57 of 1st period - Icing by Brandon Montour.
18:58 of 1st period - Corey Perry wins face-off versus Nolan Patrick in LONG BEACH BARACUDAS zone.
19:23 of 1st period - Shot by Kyle Palmieri.
19:23 of 1st period - Shot Misses the Net.
19:25 of 1st period - Shot by Brandon Montour.
19:25 of 1st period - Stopped by Michael Dipietro with a rebound.
19:27 of 1st period - Shot by Kyle Palmieri.
19:27 of 1st period - Stopped by Michael Dipietro without a rebound.
19:28 of 1st period - Sidney Crosby wins face-off versus Brandon Sutter in NORTH DAKOTA HAWKS zone.
19:31 of 1st period - Shot by Sam Reinhart.
19:31 of 1st period - Shot Blocked by Dougie Hamilton.
19:40 of 1st period - Shot by Sam Reinhart.
19:40 of 1st period - Shot Misses the Net.
19:42 of 1st period - Shot by Sidney Crosby.
19:42 of 1st period - Goal by Sidney Crosby - NORTH DAKOTA HAWKS : 2 - LONG BEACH BARACUDAS : 1.
19:43 of 1st period - Michael Raffl wins face-off versus Steven Stamkos in neutral zone.
19:45 of 1st period - Off-side.
19:46 of 1st period - Brandon Sutter wins face-off versus Sam Reinhart in neutral zone.
19:52 of 1st period - Off-side.
19:53 of 1st period - Sidney Crosby wins face-off versus Derek Grant in neutral zone.
19:55 of 1st period - Taylor Hall is hit by Johnny Boychuk and loses puck.
Goals for this period are 2 for NORTH DAKOTA HAWKS vs 1 for LONG BEACH BARACUDAS.
Shots for this period are 8 for NORTH DAKOTA HAWKS vs 13 for LONG BEACH BARACUDAS.

2nd period


0:01 of 2nd period - Sidney Crosby wins face-off versus Logan Brown in neutral zone.
0:01 of 2nd period - Sidney Crosby is hit by Logan Brown.
0:06 of 2nd period - Taylor Hall is hit by Brenden Dillon and loses puck.
0:10 of 2nd period - Icing by Brenden Dillon.
0:11 of 2nd period - Logan Brown wins face-off versus Steven Stamkos in NORTH DAKOTA HAWKS zone.
0:46 of 2nd period - Shot by Corey Perry.
0:46 of 2nd period - Stopped by Darcy Kuemper without a rebound.
0:47 of 2nd period - Brandon Sutter wins face-off versus Sidney Crosby in LONG BEACH BARACUDAS zone.
0:57 of 2nd period - Icing by Zachary Werenski.
0:58 of 2nd period - Derek Grant wins face-off versus Sidney Crosby in LONG BEACH BARACUDAS zone.
1:08 of 2nd period - Sam Reinhart is hit by Josh Brown and loses puck.
1:12 of 2nd period - Icing by Josh Brown.
1:13 of 2nd period - Derek Grant wins face-off versus Kyle Palmieri in NORTH DAKOTA HAWKS zone.
1:17 of 2nd period - Zack Kassian is hit by Jordan Oesterle and loses puck.
1:19 of 2nd period - Minor Penalty to Michael Raffl for Interference.
1:20 of 2nd period - Sidney Crosby wins face-off versus Brandon Sutter in NORTH DAKOTA HAWKS zone.
1:27 of 2nd period - Shot by Sam Reinhart.
1:27 of 2nd period - Shot Misses the Net.
2:22 of 2nd period - Off-side.
2:23 of 2nd period - Derek Grant wins face-off versus Kyle Connor in neutral zone.
3:02 of 2nd period - Shot by Kyle Connor.
3:02 of 2nd period - Goal by Kyle Connor - NORTH DAKOTA HAWKS : 2 - LONG BEACH BARACUDAS : 2.
3:03 of 2nd period - Logan Brown wins face-off versus Derick Brassard in neutral zone.
4:23 of 2nd period - Brandon Montour is hit by Nic Dowd and loses puck.
5:38 of 2nd period - Shot by Sam Reinhart.
5:38 of 2nd period - Shot Misses the Net.
5:40 of 2nd period - Shot by Alex Pietrangelo.
5:40 of 2nd period - Shot Hit the Post.
6:06 of 2nd period - Shot by Elias Lindholm.
6:06 of 2nd period - Shot Misses the Net.
6:17 of 2nd period - Lukas Radil is hit by Ben Hutton and loses puck.
6:26 of 2nd period - Lukas Radil is hit by Steven Stamkos and loses puck.
7:04 of 2nd period - Shot by Nolan Patrick.
7:04 of 2nd period - Stopped by Michael Dipietro with a rebound.
7:06 of 2nd period - Shot by Alex Pietrangelo.
7:06 of 2nd period - Deflect By Nolan Patrick.
7:06 of 2nd period - Shot Misses the Net.
7:12 of 2nd period - Shot by Nolan Patrick.
7:12 of 2nd period - Stopped by Michael Dipietro with a rebound.
7:14 of 2nd period - Shot by Brad Richardson.
7:14 of 2nd period - Deflect By Nolan Patrick.
7:14 of 2nd period - Shot Misses the Net.
7:24 of 2nd period - Shot by Sam Reinhart.
7:24 of 2nd period - Stopped by Michael Dipietro without a rebound.
7:25 of 2nd period - Sidney Crosby wins face-off versus Derek Grant in NORTH DAKOTA HAWKS zone.
7:44 of 2nd period - Shot by Michael Raffl.
7:44 of 2nd period - Stopped by Darcy Kuemper with a rebound.
7:50 of 2nd period - Shot by Michael Raffl.
7:50 of 2nd period - Shot Blocked by Taylor Hall.
8:00 of 2nd period - Icing by Zack Kassian.
8:01 of 2nd period - Kyle Connor wins face-off versus Derek Grant in NORTH DAKOTA HAWKS zone.
8:19 of 2nd period - Steven Stamkos is hit by Josh Brown and loses puck.
8:27 of 2nd period - Shot by Steven Stamkos.
8:27 of 2nd period - Stopped by Michael Dipietro without a rebound.
8:28 of 2nd period - Logan Brown wins face-off versus Sam Reinhart in NORTH DAKOTA HAWKS zone.
8:28 of 2nd period - Logan Brown is hit by Sidney Crosby.
8:49 of 2nd period - Shot by Sidney Crosby.
8:49 of 2nd period - Stopped by Michael Dipietro without a rebound.
8:49 of 2nd period - Minor Penalty to Marc Staal for Hooking.
8:50 of 2nd period - Steven Stamkos wins face-off versus Brandon Sutter in NORTH DAKOTA HAWKS zone.
9:25 of 2nd period - Shot by Steven Stamkos.
9:25 of 2nd period - Shot Blocked by Brenden Dillon.
9:48 of 2nd period - Off-side.
9:49 of 2nd period - Derek Grant wins face-off versus Sidney Crosby in neutral zone.
10:02 of 2nd period - Shot by Taylor Hall.
10:02 of 2nd period - Stopped by Michael Dipietro without a rebound.
10:03 of 2nd period - Derek Grant wins face-off versus Sidney Crosby in NORTH DAKOTA HAWKS zone.
10:26 of 2nd period - Lukas Radil is hit by Sidney Crosby and loses puck.
10:37 of 2nd period - Shot by Sam Reinhart.
10:37 of 2nd period - Stopped by Michael Dipietro with a rebound.
10:39 of 2nd period - Shot by Taylor Hall.
10:39 of 2nd period - Shot Misses the Net.
10:41 of 2nd period - Shot by Zachary Werenski.
10:41 of 2nd period - Shot Blocked by Dougie Hamilton.
10:43 of 2nd period - Shot by Sidney Crosby.
10:43 of 2nd period - Stopped by Michael Dipietro with a rebound.
10:45 of 2nd period - Shot by Sidney Crosby.
10:45 of 2nd period - Goal by Sidney Crosby - NORTH DAKOTA HAWKS : 2 - LONG BEACH BARACUDAS : 3.
10:46 of 2nd period - Steven Stamkos wins face-off versus Nic Dowd in neutral zone.
10:57 of 2nd period - Shot by Steven Stamkos.
10:57 of 2nd period - Shot Misses the Net.
10:59 of 2nd period - Shot by Elias Lindholm.
10:59 of 2nd period - Shot Misses the Net.
11:52 of 2nd period - Corey Perry is hit by Alex Pietrangelo and loses puck.
11:55 of 2nd period - Shot by Kenny Agostino.
11:55 of 2nd period - Shot Misses the Net.
12:32 of 2nd period - Shot by Brad Richardson.
12:32 of 2nd period - Shot Misses the Net.
12:34 of 2nd period - Shot by Zachary Werenski.
12:34 of 2nd period - Shot Misses the Net.
12:41 of 2nd period - Icing by Marc Staal.
12:42 of 2nd period - Sidney Crosby wins face-off versus Derek Grant in NORTH DAKOTA HAWKS zone.
12:49 of 2nd period - Shot by Sidney Crosby.
12:49 of 2nd period - Shot Misses the Net.
12:51 of 2nd period - Shot by Taylor Hall.
12:51 of 2nd period - Shot Misses the Net.
12:53 of 2nd period - Shot by Taylor Hall.
12:53 of 2nd period - Goal by Taylor Hall - NORTH DAKOTA HAWKS : 2 - LONG BEACH BARACUDAS : 4.
12:54 of 2nd period - Brandon Sutter wins face-off versus Sidney Crosby in neutral zone.
13:05 of 2nd period - Shot by Brandon Sutter.
13:05 of 2nd period - Stopped by Darcy Kuemper without a rebound.
13:06 of 2nd period - Steven Stamkos wins face-off versus Nic Dowd in LONG BEACH BARACUDAS zone.
13:06 of 2nd period - Steven Stamkos is hit by Nic Dowd.
13:12 of 2nd period - Shot by Steven Stamkos.
13:12 of 2nd period - Shot Misses the Net.
13:14 of 2nd period - Shot by Elias Lindholm.
13:14 of 2nd period - Stopped by Michael Dipietro with a rebound.
13:16 of 2nd period - Shot by Alex Pietrangelo.
13:16 of 2nd period - Stopped by Michael Dipietro without a rebound.
13:17 of 2nd period - Sidney Crosby wins face-off versus Brandon Sutter in NORTH DAKOTA HAWKS zone.
13:22 of 2nd period - Shot by Sam Reinhart.
13:22 of 2nd period - Shot Misses the Net.
13:51 of 2nd period - Minor Penalty to Johnny Boychuk for Hooking.
13:52 of 2nd period - Steven Stamkos wins face-off versus Brandon Sutter in NORTH DAKOTA HAWKS zone.
13:59 of 2nd period - Shot by Sam Reinhart.
13:59 of 2nd period - Shot Hit the Post.
14:47 of 2nd period - Marc Staal is hit by Kyle Palmieri and loses puck.
14:54 of 2nd period - Shot by Taylor Hall.
14:54 of 2nd period - Shot Misses the Net.
15:39 of 2nd period - Icing by Kyle Connor.
15:40 of 2nd period - Steven Stamkos wins face-off versus Brandon Sutter in LONG BEACH BARACUDAS zone.
15:47 of 2nd period - Shot by Kyle Connor.
15:47 of 2nd period - Stopped by Michael Dipietro without a rebound.
15:48 of 2nd period - Brandon Sutter wins face-off versus Steven Stamkos in NORTH DAKOTA HAWKS zone.
16:24 of 2nd period - Minor Penalty to Derick Brassard for Hooking.
16:25 of 2nd period - Brad Richardson wins face-off versus Nic Dowd in LONG BEACH BARACUDAS zone.
17:37 of 2nd period - Shot by Dougie Hamilton.
17:37 of 2nd period - Stopped by Darcy Kuemper with a rebound.
17:39 of 2nd period - Shot by Dougie Hamilton.
17:39 of 2nd period - Shot Blocked by Brandon Montour.
18:09 of 2nd period - Shot by Brendan Gallagher.
18:09 of 2nd period - Deflect By Michael Raffl.
18:09 of 2nd period - Shot Misses the Net.
19:39 of 2nd period - Shot by Brad Richardson.
19:39 of 2nd period - Shot Misses the Net.
19:41 of 2nd period - Shot by Brad Richardson.
19:41 of 2nd period - Deflect By Kyle Palmieri.
19:41 of 2nd period - Shot Blocked by Johnny Boychuk.
19:43 of 2nd period - Shot by Justin Schultz.
19:43 of 2nd period - Stopped by Michael Dipietro without a rebound.
19:44 of 2nd period - Sidney Crosby wins face-off versus Derek Grant in NORTH DAKOTA HAWKS zone.
19:45 of 2nd period - Shot by Sam Reinhart.
19:45 of 2nd period - Goal by Sam Reinhart - NORTH DAKOTA HAWKS : 2 - LONG BEACH BARACUDAS : 5.
19:46 of 2nd period - Sidney Crosby wins face-off versus Logan Brown in neutral zone.
19:58 of 2nd period - Shot by Sam Reinhart.
19:58 of 2nd period - Stopped by Michael Dipietro with a rebound.
Goals for this period are 0 for NORTH DAKOTA HAWKS vs 4 for LONG BEACH BARACUDAS.
Shots for this period are 4 for NORTH DAKOTA HAWKS vs 17 for LONG BEACH BARACUDAS.

3rd period


0:01 of 3rd period - Nic Dowd wins face-off versus Sidney Crosby in neutral zone.
0:04 of 3rd period - Shot by Brendan Gallagher.
0:04 of 3rd period - Stopped by Darcy Kuemper without a rebound.
0:05 of 3rd period - Nic Dowd wins face-off versus Taylor Hall in LONG BEACH BARACUDAS zone.
0:17 of 3rd period - Icing by Zachary Werenski.
0:18 of 3rd period - Sidney Crosby wins face-off versus Michael Raffl in LONG BEACH BARACUDAS zone.
1:23 of 3rd period - Shot by Steven Stamkos.
1:23 of 3rd period - Deflect By Elias Lindholm.
1:23 of 3rd period - Shot Misses the Net.
1:25 of 3rd period - Shot by Elias Lindholm.
1:25 of 3rd period - Shot Misses the Net.
1:27 of 3rd period - Shot by Ben Hutton.
1:27 of 3rd period - Stopped by Michael Dipietro without a rebound.
1:28 of 3rd period - Nolan Patrick wins face-off versus Matthew Nieto in NORTH DAKOTA HAWKS zone.
1:29 of 3rd period - Shot by Kyle Palmieri.
1:29 of 3rd period - Shot Blocked by Marc Staal.
1:31 of 3rd period - Shot by Brandon Montour.
1:31 of 3rd period - Deflect By Kyle Palmieri.
1:31 of 3rd period - Stopped by Michael Dipietro with a rebound.
1:33 of 3rd period - Shot by Nolan Patrick.
1:33 of 3rd period - Stopped by Michael Dipietro without a rebound.
1:34 of 3rd period - Nic Dowd wins face-off versus Steven Stamkos in NORTH DAKOTA HAWKS zone.
2:01 of 3rd period - Shot by Steven Stamkos.
2:01 of 3rd period - Stopped by Michael Dipietro with a rebound.
3:02 of 3rd period - Sidney Crosby is hit by Josh Brown and loses puck.
3:10 of 3rd period - Minor Penalty to Josh Brown for High sticking.
3:11 of 3rd period - Sidney Crosby wins face-off versus Brandon Sutter in NORTH DAKOTA HAWKS zone.
3:12 of 3rd period - Shot by Taylor Hall.
3:12 of 3rd period - Shot Blocked by Johnny Boychuk.
3:14 of 3rd period - Shot by Sidney Crosby.
3:14 of 3rd period - Stopped by Michael Dipietro without a rebound.
3:15 of 3rd period - Brandon Sutter wins face-off versus Steven Stamkos in NORTH DAKOTA HAWKS zone.
4:20 of 3rd period - Icing by Steven Stamkos.
4:21 of 3rd period - Brandon Sutter wins face-off versus Steven Stamkos in LONG BEACH BARACUDAS zone.
5:10 of 3rd period - Shot by Taylor Hall.
5:10 of 3rd period - Stopped by Michael Dipietro with a rebound.
5:19 of 3rd period - Minor Penalty to Luke Kunin for High sticking.
5:20 of 3rd period - Nic Dowd wins face-off versus Derick Brassard in LONG BEACH BARACUDAS zone.
5:25 of 3rd period - Shot by Matthew Nieto.
5:25 of 3rd period - Stopped by Darcy Kuemper without a rebound.
5:26 of 3rd period - Nic Dowd wins face-off versus Derick Brassard in LONG BEACH BARACUDAS zone.
5:39 of 3rd period - Shot by Brendan Gallagher.
5:39 of 3rd period - Stopped by Darcy Kuemper without a rebound.
5:40 of 3rd period - Brad Richardson wins face-off versus Logan Brown in LONG BEACH BARACUDAS zone.
5:40 of 3rd period - Brad Richardson is hit by Logan Brown.
6:00 of 3rd period - Off-side.
6:01 of 3rd period - Derick Brassard wins face-off versus Nic Dowd in neutral zone.
6:14 of 3rd period - Shot by Zack Kassian.
6:14 of 3rd period - Stopped by Darcy Kuemper without a rebound.
6:15 of 3rd period - Derick Brassard wins face-off versus Logan Brown in LONG BEACH BARACUDAS zone.
6:26 of 3rd period - Shot by Dougie Hamilton.
6:26 of 3rd period - Stopped by Darcy Kuemper without a rebound.
6:27 of 3rd period - Nic Dowd wins face-off versus Derick Brassard in LONG BEACH BARACUDAS zone.
6:32 of 3rd period - Shot by Brendan Gallagher.
6:32 of 3rd period - Stopped by Darcy Kuemper without a rebound.
6:33 of 3rd period - Derick Brassard wins face-off versus Brendan Gallagher in LONG BEACH BARACUDAS zone.
6:54 of 3rd period - Shot by Brendan Gallagher.
6:54 of 3rd period - Shot Misses the Net.
6:56 of 3rd period - Shot by Nic Dowd.
6:56 of 3rd period - Stopped by Darcy Kuemper with a rebound.
8:09 of 3rd period - Minor Penalty to Brenden Dillon for Hooking.
8:10 of 3rd period - Brandon Sutter wins face-off versus Steven Stamkos in NORTH DAKOTA HAWKS zone.
10:15 of 3rd period - Shot by Corey Perry.
10:15 of 3rd period - Shot Blocked by Brandon Montour.
10:32 of 3rd period - Shot by Logan Brown.
10:32 of 3rd period - Shot Misses the Net.
11:26 of 3rd period - Shot by Kyle Palmieri.
11:26 of 3rd period - Stopped by Michael Dipietro with a rebound.
11:46 of 3rd period - Shot by Elias Lindholm.
11:46 of 3rd period - Shot Misses the Net.
11:48 of 3rd period - Shot by Elias Lindholm.
11:48 of 3rd period - Stopped by Michael Dipietro without a rebound.
11:49 of 3rd period - Brandon Sutter wins face-off versus Sidney Crosby in NORTH DAKOTA HAWKS zone.
12:26 of 3rd period - Johnny Boychuk is hit by Sam Reinhart and loses puck.
12:49 of 3rd period - Shot by Steven Stamkos.
12:49 of 3rd period - Deflect By Kyle Connor.
12:49 of 3rd period - Stopped by Michael Dipietro without a rebound.
12:50 of 3rd period - Steven Stamkos wins face-off versus Derek Grant in NORTH DAKOTA HAWKS zone.
13:05 of 3rd period - Shot by Zack Kassian.
13:05 of 3rd period - Shot Misses the Net.
13:07 of 3rd period - Shot by Zack Kassian.
13:07 of 3rd period - Shot Misses the Net.
13:09 of 3rd period - Shot by Zack Kassian.
13:09 of 3rd period - Shot Misses the Net.
14:24 of 3rd period - Shot by Nolan Patrick.
14:24 of 3rd period - Stopped by Michael Dipietro without a rebound.
14:25 of 3rd period - Sidney Crosby wins face-off versus Logan Brown in NORTH DAKOTA HAWKS zone.
14:32 of 3rd period - Shot by Sidney Crosby.
14:32 of 3rd period - Shot Misses the Net.
14:48 of 3rd period - Shot by Taylor Hall.
14:48 of 3rd period - Stopped by Michael Dipietro without a rebound.
14:49 of 3rd period - Derick Brassard wins face-off versus Michael Raffl in NORTH DAKOTA HAWKS zone.
15:34 of 3rd period - Luke Kunin is hit by Nic Dowd and loses puck.
16:07 of 3rd period - Shot by Matthew Nieto.
16:07 of 3rd period - Deflect By Brendan Gallagher.
16:07 of 3rd period - Shot Misses the Net.
16:27 of 3rd period - Shot by Sam Reinhart.
16:27 of 3rd period - Stopped by Michael Dipietro without a rebound.
16:28 of 3rd period - Nolan Patrick wins face-off versus Brandon Sutter in NORTH DAKOTA HAWKS zone.
16:30 of 3rd period - Kyle Palmieri is hit by Johnny Boychuk.
16:39 of 3rd period - Kyle Palmieri is hit by Brenden Dillon and loses puck.
16:55 of 3rd period - Brad Richardson is hit by Lukas Radil and loses puck.
17:30 of 3rd period - Shot by Corey Perry.
17:30 of 3rd period - Stopped by Darcy Kuemper without a rebound.
17:31 of 3rd period - Sidney Crosby wins face-off versus Derek Grant in LONG BEACH BARACUDAS zone.
18:46 of 3rd period - Kyle Connor is hit by Josh Brown and loses puck.
19:07 of 3rd period - Shot by Elias Lindholm.
19:07 of 3rd period - Stopped by Michael Dipietro without a rebound.
19:08 of 3rd period - Nic Dowd wins face-off versus Nolan Patrick in NORTH DAKOTA HAWKS zone.
19:08 of 3rd period - Nic Dowd is hit by Nolan Patrick.
Goals for this period are 0 for NORTH DAKOTA HAWKS vs 0 for LONG BEACH BARACUDAS.
Shots for this period are 8 for NORTH DAKOTA HAWKS vs 13 for LONG BEACH BARACUDAS.


DARCY
KUEMPER
JAKE
OETTINGER
NINO
NIEDERREITER

EAST COAST

HOCKEY LEAGUE

  • 1.CHI2QUE4
  • 2.LIM2CHA3
  • 3.LON3TRV5
  • 4.BAL5CHW6
  • 5.MANPIT
  • 6.NHWATL
  • 7.PETWOR
  • 8.RHI